 Dungeon Crawl Stone Soup version 0.28-b1-38-gff268fdeb9 (webtiles) character file.

Game seed: 17212413965014960107

137 xf86enodev the Skirmisher (level 5, 0/47 HPs)
             Began as a Minotaur Monk on Feb 3, 2022.
             Slain by a gnoll (12 damage)
             ... on level 3 of the Dungeon.
             The game lasted 00:11:19 (2269 turns).

xf86enodev the Skirmisher (Minotaur Monk)           Turns: 2269, Time: 00:11:20

Health: 0/47       AC:  4    Str: 16    XL:     5   Next: 0%
Magic:  4/4        EV: 17    Int:  7    God:
Gold:   81         SH:  0    Dex: 14    Spells: 4/4 levels left

rFire   . . .      SeeInvis .     - Unarmed
rCold   . . .      Faith    .   (no shield)
rNeg    . . .      Spirit   .   l - +0 leather armour
rPois   .          Reflect  .   (helmet restricted)
rElec   .          Harm     .   d - +0 cloak
rCorr   .          Rampage  .   (no gloves)
Will    .....                   (no boots)
Stlth   ++........              m - amulet of the acrobat
HPRegen 0.15/turn               f - +4 ring of evasion
MPRegen 0.09/turn               (no ring)

@: no status effects
A: horns 2, retaliatory headbutt
a: no special abilities


You were on level 3 of the Dungeon.
You visited 1 branch of the dungeon, and saw 3 of its levels.

You collected 81 gold pieces.

Inventory:

Hand Weapons
 b - a +0 hunting sling
Missiles
 k - 24 stones (quivered)
Armour
 a - a +0 robe
 d - a +0 cloak (worn)
 l - a +0 leather armour (worn)
Jewellery
 f - a +4 ring of evasion (left hand)
 m - an amulet of the acrobat (around neck)
Scrolls
 c - 2 scrolls of identify {unknown}
 e - a scroll of teleportation {unknown}
 g - a scroll of vulnerability {unknown}
 h - a scroll of fog {unknown}
 j - a scroll of noise {unknown}
 n - a scroll of acquirement {unknown}
 o - a scroll of fear {unknown}
Potions
 i - a potion of brilliance {unknown}


   Skills:
 + Level 4.7 Fighting
 * Level 3.4 Armour
 - Level 3.8 Dodging
 - Level 1.5 Stealth
 + Level 4.0 Unarmed Combat


You had 4 spell levels left.
You didn't know any spells.
Your spell library contained the following spells:

 Spells                   Type           Power      Damage    Failure   Level
 Apportation              Tloc           0%         N/A       50%         1
 Alistair's Intoxication  Tmut/Pois      0%         N/A       100%        5


Dungeon Overview and Level Annotations

Branches:
Dungeon (3/15)

Altars:
Zin


Innate Abilities, Weirdness & Mutations

You have a pair of horns on your head.
You reflexively headbutt those who attack you in melee.


Message History

The gnoll shouts!
The gnoll misses you.
A gnoll comes into view.
It is wielding a +1 flail of protection.
The gnoll shouts!
The gnoll completely misses you.
You closely miss the gnoll. The gnoll closely misses you.
You punch the gnoll!
You headbutt the gnoll, but do no damage.
The gnoll is heavily wounded.
The gnoll misses you.
You hit the gnoll. You headbutt the gnoll.
You kill the gnoll!
You have reached level 5!
You barely miss the gnoll. The gnoll completely misses you.
You hit the gnoll but do no damage.
You headbutt the gnoll, but do no damage.
The gnoll hits you with a +1 flail of protection!
You hit the gnoll but do no damage. The gnoll misses you.
You hit the gnoll but do no damage. You hit the gnoll but do no damage.
The gnoll completely misses you.
You hit the gnoll.
The gnoll is heavily wounded.
The gnoll hits you with a +1 flail of protection!
You hit the gnoll but do no damage. You headbutt the gnoll.
The gnoll is heavily wounded.
The gnoll hits you with a +1 flail of protection!
You are too injured to fight recklessly!
You are too injured to fight recklessly!
You closely miss the gnoll.
You headbutt the gnoll, but do no damage.
The gnoll is heavily wounded.
The gnoll hits you with a +1 flail of protection!
* * * LOW HITPOINT WARNING * * *
You hit the gnoll. Your headbutt misses the gnoll.
The gnoll is severely wounded.
The gnoll closely misses you.
You hit the gnoll.
The gnoll is severely wounded.
The gnoll hits you with a +1 flail of protection!
You die...

..# ..## ..... .# ## ... .#
#. ... .# ### #.###.# .# ..
.# ... #.#.g.# .# ...
.####.# # #.#@# .#....
......###.#..#.#.#####.#....
...........................
..........#..#.#......(###
..##### # #.#####...# #.##
#.# #. #...# #..# #.# #.
#...# ##.# #.# #. #...######
##.# #.# #. #.........


You could see a gnoll.

Vanquished Creatures
  A scorpion zombie (D:3)
  2 gnolls (D:3)
  3 adders (D:2)
  2 worms (D:2)
  A dart slug (D:1)
  4 orcs
  3 endoplasms
  2 giant cockroaches (D:2)
  7 goblins
  8 hobgoblins
  8 ball pythons
  6 bats
  2 frilled lizards
  3 kobolds
  2 rats
54 creatures vanquished.

Notes
Turn   | Place    | Note
-------+----------+-------------------------------------------
     0 | D:1      | xf86enodev the Minotaur Monk began the quest for the Orb.
     0 | D:1      | Reached XP level 1. HP: 19/19 MP: 0/0
     2 | D:1      | Noticed a merfolk
     2 | D:1      | Noticed an octopode
     4 | D:1      | Noticed a gargoyle
     4 | D:1      | Noticed a tengu
     6 | D:1      | Noticed a troll
     8 | D:1      | Noticed a felid
     8 | D:1      | Noticed a human
    10 | D:1      | Noticed a naga
    12 | D:1      | Noticed a minotaur
    14 | D:1      | Noticed a vampire
    14 | D:1      | Noticed an elf
    16 | D:1      | Noticed a vine stalker
    16 | D:1      | Noticed a formicid
    18 | D:1      | Noticed an ogre
    20 | D:1      | Noticed a draconian
    20 | D:1      | Noticed a demigod
    22 | D:1      | Noticed a spriggan
    22 | D:1      | Noticed a ghoul
    24 | D:1      | Noticed a dwarf
    24 | D:1      | Noticed a demonspawn
    70 | D:1      | Found a faded altar of an unknown god.
   502 | D:1      | Reached XP level 2. HP: 12/27 MP: 1/1
  1090 | D:2      | Reached skill level 1 in Armour
  1158 | D:2      | Found a glowing silver altar of Zin.
  1184 | D:2      | Reached XP level 3. HP: 29/33 MP: 2/2
  1640 | D:2      | Reached XP level 4. HP: 32/41 MP: 3/3
  2260 | D:3      | Reached XP level 5. HP: 47/47 MP: 4/4
  2269 | D:3      | Slain by a gnoll

Illustrated notes

Levels and vault maps discovered:
D:1:      kb_arrival_jail, layout_loops_ring, shapermc_ecumenical_altar_petra
D:2:      layout_loops_ring, basic_altar, uniq_robin
D:3:      layout_basic

Skill      XL: |  1  2  3  4 |
---------------+-------------+-----
Fighting       | 4 |  4.7
Armour         | 1 2 3 |  3.4
Unarmed Combat | 4 |  4.0
Dodging        | |  3.8
Stealth        | |  1.5

Action                   |  1- 3 |  4- 6 || total
-------------------------+-------+-------++-------
Melee: Unarmed           |   110 |    50 ||   160
       Headbutt          |    15 |    10 ||    25
       Punch             |     2 |     1 ||     3
 Stab: Sleeping          |     5 |     2 ||     7
Armor: Robe              |    20 |       ||    20
       Leather armour    |       |     1 ||     1
Dodge: Dodged            |    63 |    29 ||    92
